Unix NetHack Version 3.7.0-102 Work-in-progress - last build Apr 6 2024 13:22:21 (d302a6a9ff6341f1a922d8f5af178406b35fdf99,branch:master). Game began 2024-04-30 14:08:32, ended 2024-04-30 15:20:25. Raisse, lawful female dwarven Archeologist -- -- -.-- |. .Gh.--..- .......--- --- -.........--- *-- |............0.. ...........G...------- ....................| --...................- |..................... ...................- -.....G.......G...| -............f*).| ---................| -..............hd......| -------...........f...-- -- --....<...-- ---......| ----.--- -- Raisse the Field Worker St:16 Dx:11 Co:13 In:14 Wi:16 Ch:7 Lawful Dlvl:7 $:0 HP:0(35) Pw:8(8) AC:9 Xp:4/140 T:2373 Hungry Burdened Latest messages: The giant ant bites! Are you waiting to get hit? Use 'm' prefix to force a no-op (to rest). Are you waiting to get hit? Are you waiting to get hit? You miss the giant ant. The giant ant bites! The giant ant bites! You miss the giant ant. The giant ant bites! The giant ant bites! You kill the giant ant! You see here a giant ant corpse. There is a giant ant corpse here; eat it? [ynq] (n) y This giant ant corpse is tough. Miezekatze misses the gnome. You finish eating the giant ant corpse. Miezekatze misses the gnome. Miezekatze misses the gnome. Miezekatze bites the gnome. The gnome misses Miezekatze. Miezekatze misses the gnome. Miezekatze misses the gnome. You fall down the stairs. Poes bites the gnome. Poes bites the gnome. The gnome is killed! Poes misses the dingo. Poes eats a tripe ration. The dingo bites! You hit the dingo. The dingo bites! The dingo bites! The dingo bites! You miss the dingo. Miezekatze picks up a dagger. Poes bites the gnome. The dingo bites! Poes misses the gnome. You hit the dingo. Poes bites the gnome. The gnome misses Poes. The dingo bites! Poes misses the gnome. The dingo bites! You die... Do you want your possessions identified? [ynq] (y) y Do you want to see your attributes? [ynq] (y) y Do you want an account of creatures vanquished? [ynaq] (y) y Do you want to see your conduct and achievements? [ynq] (y) y Do you want to see the dungeon overview? [ynq] (y) y Inventory: Amulets J - a cursed amulet of strangulation Weapons a - an uncursed +2 bullwhip (alternate weapon; not wielded) c - 9 uncursed +0 darts n - an uncursed +0 orcish dagger o - an uncursed +0 bec de corbin G - a blessed +1 orcish dagger Armor A - an uncursed +0 leather jacket (being worn) H - an uncursed burnt +0 fedora (being worn) Comestibles e - 4 uncursed food rations s - 3 uncursed lichen corpses w - an uncursed strange object z - an uncursed carrot Scrolls r - an uncursed scroll of scare monster u - an uncursed scroll of create monster B - an uncursed scroll of identify Potions k - an uncursed potion of gain energy m - a cursed potion of healing v - 3 uncursed potions of healing y - an uncursed potion of sleeping K - a blessed potion of see invisible L - an uncursed potion of blindness Rings f - an uncursed ring of shock resistance Wands C - a cursed wand of digging (0:3) Tools b - an uncursed blindfold d - an uncursed +0 pick-axe (weapon in right hand) i - an uncursed tin opener l - an uncursed tinning kit (0:82) p - a cursed magic lamp (lit) q - an uncursed lock pick x - an uncursed sack containing 9 items F - an empty cursed sack Gems/Stones h - an uncursed agate stone t - an uncursed touchstone E - an uncursed aquamarine stone Contents of the sack: 4130 gold pieces an uncursed scroll of confuse monster an uncursed scroll of enchant armor an uncursed scroll of enchant weapon an uncursed scroll of light an uncursed scroll of remove curse an uncursed potion of fruit juice 2 uncursed potions of healing an uncursed potion of polymorph Raisse the Archeologist's attributes: Background: You were a Field Worker, a level 4 female dwarven Archeologist. You were lawful, nominally on a mission for Quetzalcoatl who was opposed by Camaxtli (neutral) and Huhetotl (chaotic). You were right-handed. You were in the Gnomish Mines, on level 7. You entered the dungeon 2373 turns ago. You had 140 experience points, 20 more were needed to attain level 5. Basics: You had 0 out of 35 hit points. You had all 8 energy points (spell power). Your armor class was 9. Your wallet was empty, but you had 4130 zorkmids stashed away in your pack. Autopickup was on for '$!?/"=+' plus thrown, with exceptions. Final Characteristics: Your strength was 16 (limit:18/100). Your dexterity was 11 (limit:20). Your constitution was 13 (limit:20). Your intelligence was 14 (limit:16). Your wisdom was 16 (limit:16). Your charisma was 7 (limit:16). Final Status: You were hungry. You were burdened; movement was slightly slowed. You were wielding a pick-axe. You had basic skill with pick-axe. Final Attributes: You were piously aligned. You had automatic searching. You had infravision. You are dead. Miscellaneous: You encountered 1 bones level. Total elapsed playing time was 39 minutes and 36 seconds. Major events: Turn 1: Raisse the lawful female dwarven Archeologist entered the dungeon 875: attained the rank of Field Worker (level 3) 1042: entered the Gnomish Mines 1780: destroyed wisp's ghost, the former Field Worker 2373: killed by a dingo Vanquished creatures: a ghost 2 gnome leaders a giant ant a little dog a homunculus a rothe 2 iguanas a gas spore a hobbit a large kobold 3 giant rats a brown mold 9 gnomes a gnome zombie 4 jackals 2 foxes 3 goblins 4 grid bugs 3 lichens 2 kobold zombies 4 newts 48 creatures vanquished. No species were genocided or became extinct. Voluntary challenges: You were an atheist. You were illiterate. You never engraved Elbereth. You never genocided any monsters. You never polymorphed an object. You never changed form. You used no wishes. Achievements: You attained the rank of Field Worker. You entered the Gnomish Mines. The Dungeons of Doom: levels 1 to 5 Level 1: A grave. Level 2: A fountain. Level 3: Level 4: Stairs down to The Gnomish Mines. Level 5: A grave. Final resting place for wisp-Arc-Hum-Fem-Neu, killed by falling down a mine shaft. The Gnomish Mines: levels 5 to 7 Level 5: Level 6: Level 7: <- You were here. Final resting place for you, killed by a dingo. Game over: ---------- / \ / REST \ / IN \ / PEACE \ / \ | Raisse | | 4130 Au | | killed by a | | dingo | | | | | | 2024 | *| * * * | * _________)/\\_//(\/(/\)/\//\/|_)_______ Goodbye Raisse the Archeologist... You died in The Gnomish Mines on dungeon level 7 with 4577 points, and 4130 pieces of gold, after 2373 moves. You were level 4 with a maximum of 35 hit points when you died.